 Dungeon Crawl Stone Soup version 0.17-a0-1554-g3b847ca (webtiles) character file.

105 mrath the Digger (level 4, 0/24 HPs)
             Began as a Gargoyle Earth Elementalist on July 19, 2015.
             Slain by 4thArraOfDagon's ghost (7 damage)
             ... on level 3 of the Dungeon.
             The game lasted 00:22:03 (2700 turns).

mrath the Digger (Gargoyle Earth Elementalist)      Turns: 2700, Time: 00:22:03

Health: 0/24       AC:  8    Str: 12    XL:     4   Next: 83%
Magic:  2/9        EV: 12    Int: 16    God:
Gold:   122        SH:  0    Dex: 10    Spells: 2 memorised, 7 levels left

rFire  . . .     SeeInvis .     q - +0 spear
rCold  . . .     Clarity  .     b - +0 robe
rNeg   + . .     SustAt   .     (no shield)
rPois  ∞         Gourm    .     (no helmet)
rElec  +         Spirit   .     (no cloak)
rCorr  .         Warding  .     (no gloves)
rMut   .         Stasis   .     (no boots)
MR     .....                    (no amulet)
Stlth  ++........               (no ring)
                                (no ring)

@: stone skin, not resistant to hostile enchantments, unstealthy
A: negative energy resistance 1, electricity resistance, unbreathing,
petrification resistance, rot immunity, AC +3
a: no special abilities


You were on level 3 of the Dungeon.
You were not hungry.

You visited 1 branch of the dungeon, and saw 3 of its levels.

You collected 122 gold pieces.

Inventory:

Hand weapons
 g - a +0 whip
 l - a +0 club
 n - a cursed -2 dagger
 q - a +0 spear (weapon)
 y - a +0 dagger of venom
Missiles
 a - 49 stones
 e - 28 sling bullets
 h - 41 arrows
 i - 21 poisoned needles
 k - 15 bolts
 x - 4 tomahawks (quivered)
Armour
 b - a +0 robe (worn)
 s - a +0 shield
Jewellery
 p - an uncursed ring of positive energy {unknown}
Scrolls
 d - a scroll of identify {unknown}
 f - a scroll of teleportation {unknown}
 u - a scroll of recharging {unknown}
 w - a scroll of remove curse {unknown}
Potions
 m - 2 potions of curing {unknown}
 o - 2 potions of heal wounds {unknown}
 r - a potion of haste {unknown}
 t - a potion of cancellation {unknown}
Books
 c - a book of Geomancy

   Spells                             Type                      Level
   a - Sandblast                      Earth                        1
   b - Stoneskin                      Transmutation/Earth          2
   c - Passwall                       Transmutation/Earth          3
   d - Stone Arrow                    Conjuration/Earth            3
   e - Petrify                        Transmutation/Earth          4
   f - Lee's Rapid Deconstruction     Earth                        5
Comestibles
 j - 2 meat rations


   Skills:
 - Level 1.5 Dodging
 - Level 2.1 Stealth
 * Level 3.8 Spellcasting
 - Level 0.7 Transmutations
 + Level 4.8 Earth Magic


You had 7 spell levels left.
You knew the following spells:

 Your Spells              Type           Power        Failure   Level  Hunger
a - Sandblast             Erth           ###...       2%          1    None
b - Stoneskin             Trmt/Erth      ##......     10%         2    ##.....


Dungeon Overview and Level Annotations

Branches:
Dungeon (3/15)

Altars:
Sif Muna

Annotations:
D:3 4thArraOfDagon's ghost, weakling DDIE


Innate Abilities, Weirdness & Mutations

You are resistant to torment.
Your stone body is resilient (AC +3).
You are immune to poison.
You resist negative energy.
You are resistant to electric shocks.
You can survive without breathing.
You are immune to petrification.
You are immune to rotting.


Message History

Aim: 4thArraOfDagon's ghost (moderately damaged)
The blast of sand misses 4thArraOfDagon's ghost. 4thArraOfDagon's ghost closely misses you.
You hit 4thArraOfDagon's ghost. 4thArraOfDagon's ghost is heavily damaged. 4thArraOfDagon's ghost hits you. 4thArraOfDagon's ghost hits you but does no damage.
Casting: Sandblast
Confirm with . or Enter, or press ? or * to list all spells.
Aiming: Sandblast
Press: ? - help, Shift-Dir - straight line, f/p - 4thArraOfDagon's ghost
Aim: 4thArraOfDagon's ghost (heavily damaged)
The blast of sand hits 4thArraOfDagon's ghost. 4thArraOfDagon's ghost is heavily damaged. 4thArraOfDagon's ghost hits you.
* * * LOW HITPOINT WARNING * * *
You hit 4thArraOfDagon's ghost. 4thArraOfDagon's ghost is heavily damaged. 4thArraOfDagon's ghost hits you!
You die...

##########
.........################
#........'..>...........#
#........###.#.##.###.#..
+........# #.#.#....#
#........# #.#.#W.#.#
#........# #....@.#.#
#........# #.#.####.#
#o.......# #.#......#
#........# #.####.###
#........# #.# #.#
####.....# #.# ###
#.....# #.# #......##..
#......#


You could see 4thArraOfDagon's ghost.

Vanquished Creatures
  5 adders (D:2)
  A worm (D:2)
  2 giant geckos
  3 giant cockroaches
  7 goblins
  2 hobgoblins
  11 jackals (D:2)
  12 kobolds
  A ball python (D:2)
  5 bats
  2 giant newts (D:1)
  7 rats
58 creatures vanquished.

Notes
Turn   | Place    | Note
--------------------------------------------------------------
     0 | D:1      | mrath the Gargoyle Earth Elementalist began the quest for the Orb.
     0 | D:1      | Reached XP level 1. HP: 10/10 MP: 3/3
   229 | D:1      | Reached XP level 2. HP: 6/15 MP: 0/5
   504 | D:1      | Reached skill level 4 in Earth Magic
   757 | D:1      | Learned a level 2 spell: Stoneskin
  1162 | D:2      | Reached XP level 3. HP: 19/19 MP: 7/7
  1575 | D:2      | Reached XP level 4. HP: 6/24 MP: 1/9
  2229 | D:2      | Found a deep blue altar of Sif Muna.
  2675 | D:3      | Noticed 4thArraOfDagon's ghost (weakling DDIE)
  2700 | D:3      | Slain by 4thArraOfDagon's ghost

Vault maps used:
D:1:      mrwooster_arrival_statue_3
D:2:      lemuel_round_altar, serial_glass, glass_columns_a, glass_columns_a,
          glass_columns_a, glass_columns_b, glass_columns_a, glass_columns_b
D:3:      nicolae_overflow_hidden_temple, first_bread

Action                   |  1- 3 |  4- 6 || total
-------------------------+-------+-------++-------
Melee: Club              |    41 |       ||    41
       Spear             |    37 |    44 ||    81
 Cast: Sandblast         |    49 |    28 ||    77
       Stoneskin         |       |     1 ||     1
  Eat: Bread ration      |     1 |       ||     1
       Chunk             |       |     2 ||     2
